 Dungeon Crawl Stone Soup version 0.27-a0-1144-g0b7d3b79db (webtiles) character file.

Game seed: 3944613161109613826

65 bilbop the Magician (level 4, -1/33 HPs)
             Began as a Djinni Air Elementalist on May 10, 2021.
             Slain by a water moccasin zombie (6 damage)
             ... on level 3 of the Dungeon.
             The game lasted 00:08:11 (2813 turns).

bilbop the Magician (Djinni Air Elementalist)       Turns: 2813, Time: 00:08:11

Health: -1/33      AC:  3    Str:  7    XL:     4   Next: 13%
Gold:   58         EV: 12    Int: 17    God:
                   SH:  0    Dex: 14

rFire    + + .     SeeInvis .   h - +0 dagger
rCold    x . .     Faith    .   (no shield)
rNeg     . . .     Spirit   .   a - +0 robe
rPois    ∞         Reflect  .   (no helmet)
rElec    .         Harm     .   (no cloak)
rCorr    .         Rampage  .   m - +0 pair of gloves
Will     .....                  (boots unavailable)
Stlth    ++........             (no amulet)
HPRegen  0.11/turn              n - ring of wizardry
MPRegen  0.00/turn              (no ring)

@: flying, very slightly contaminated
A: sickness immunity, fire resistance 2, cold vulnerability 1, float, innate
caster, hp casting, extra vitality 1
a: no special abilities


You were on level 3 of the Dungeon.
You visited 1 branch of the dungeon, and saw 3 of its levels.

You collected 58 gold pieces.

Inventory:

Hand Weapons
 f - a +0 club
 h - a +0 dagger (weapon)
Missiles
 d - 8 atropa-tipped darts
Armour
 a - a +0 robe (worn)
 m - a +0 pair of gloves (worn)
Jewellery
 n - a ring of wizardry (left hand)
Scrolls
 b - a scroll of acquirement {unknown}
 c - 2 scrolls of identify {unknown}
 g - a scroll of vulnerability {unknown}
 j - a scroll of brand weapon {unknown}
 k - a scroll of amnesia {unknown}
 l - a scroll of enchant weapon {unknown}
 o - a scroll of torment {unknown}
Potions
 e - a potion of haste {unknown}
 i - a potion of brilliance {unknown}


   Skills:
 * Level 1.7 Fighting
 + Level 1.0 Long Blades
 - Level 2.1 Dodging
 + Level 2.1 Stealth
 * Level 3.2 Spellcasting


You couldn't memorise any spells.
You knew the following spells:

 Your Spells              Type           Power      Damage    Failure   Level
a - Shock                 Conj/Air       52%        1d6       1%          1
b - Static Discharge      Conj/Air       13%        N/A       2%          2
c - Swiftness             Air            13%        N/A       5%          3
d - Airstrike             Air            6%         N/A       17%         4
e - Lightning Bolt        Conj/Air       6%         1d18      43%         5
f - Magic Dart            Conj           52%        1d5       1%          1
Your spell library was empty.

Dungeon Overview and Level Annotations

Branches:
Dungeon (3/15)

Altars:

Shops:
D:3 ?


Innate Abilities, Weirdness & Mutations

You are immune to sickness and miasma.
You are immune to poison.
Your flesh is very heat resistant. (rF++)
You are vulnerable to cold. (rC-)
You float through the air rather than walking.
You learn spells naturally, not from books.
Your magical power is your life essence.
You have superior vitality. (+4 HP)


Message History

A water moccasin zombie is nearby!
Casting: Shock (safe; 1% risk of failure)
Confirm with . or Enter, or press ? or * to list all spells.
The water moccasin zombie is struck by an arc of lightning.
The water moccasin zombie is lightly damaged.
You are struck by an arc of lightning.
The lightning grounds out.
The water moccasin zombie closely misses you.
Casting: Static Discharge (safe; 2% risk of failure)
Confirm with . or Enter, or press ? or * to list all spells.
The water moccasin zombie is struck by an arc of lightning!
The water moccasin zombie is moderately damaged.
The lightning grounds out.
The water moccasin zombie bites you!
The zap hits the water moccasin zombie.
The water moccasin zombie is heavily damaged.
The water moccasin zombie bites you.
The water moccasin zombie closely misses you.
The zap misses the water moccasin zombie.
The water moccasin zombie bites you.
You are too injured to fight recklessly!
Aiming: Shock (safe; 1% risk of failure)
Press: ? - help, Q - select action, (/) - cycle Shift-Dir - straight line, f/p - water moccasin zombie
Aim: a water moccasin zombie (heavily damaged, 68% to hit)
The zap hits the water moccasin zombie.
The water moccasin zombie is heavily damaged.
The water moccasin zombie barely misses you.
Aiming: Shock (safe; 1% risk of failure)
Press: ? - help, Q - select action, (/) - cycle Shift-Dir - straight line, f/p - water moccasin zombie
Aim: a water moccasin zombie (heavily damaged, 68% to hit)
You miscast Shock.
You are very lightly contaminated with residual magic.
Nothing appears to happen.
The water moccasin zombie bites you!
* * * LOW HITPOINT WARNING * * *
Aiming: Shock (safe; 1% risk of failure)
Press: ? - help, Q - select action, (/) - cycle Shift-Dir - straight line, f/p - water moccasin zombie
Aim: a water moccasin zombie (heavily damaged, 68% to hit)
The zap misses the water moccasin zombie.
* * * LOW HITPOINT WARNING * * *
The water moccasin zombie bites you.
You die...

#.# #.# #.# #.###.#.
#.# #.##... #.# ##
#...... #.# ..
....... #.# #.
#.....## #.# #..##.#
#..#######.# #.∩.Z@#
#......>...#
#...#.###..###.###.#
#.. #.....## #.# #.#
#....###.#.# #.#
#.### #..........#
#.# #....
...######.### #.#
#.### ♣ #.# #.# #.#
#.# #.# #<# #.# #.#
#.#


You could see a water moccasin zombie.

Vanquished Creatures
  A hound zombie (D:2)
  A howler monkey skeleton (D:2)
  3 worms (D:2)
  A dart slug (D:1)
  3 endoplasms
  3 giant cockroaches (D:2)
  6 hobgoblins
  2 quokkas
  A ball python (D:2)
  3 goblins
  3 kobolds
  A rat (D:1)
28 creatures vanquished.

Notes
Turn   | Place    | Note
-------+----------+-------------------------------------------
     0 | D:1      | bilbop the Djinni Air Elementalist began the quest for the
                  | Orb.
     0 | D:1      | Reached XP level 1. HP: 15/15 MP: 0/0
   854 | D:1      | Reached XP level 2. HP: 20/22 MP: 0/0
  1382 | D:2      | Reached skill level 1 in Fighting
  1469 | D:2      | Reached skill level 3 in Spellcasting
  1592 | D:2      | Reached XP level 3. HP: 7/27 MP: 0/0
  1592 | D:2      | Learned a level 1 spell: Magic Dart
  1866 | D:2      | Reached skill level 1 in Long Blades
  2169 | D:2      | Reached XP level 4. HP: 21/33 MP: 0/0
  2805 | D:3      | Found Ylaptur's Magic Scroll Emporium.
  2813 | D:3      | Slain by a water moccasin zombie

Illustrated notes

Levels and vault maps discovered:
D:1:      dpeg_arrival_short_road, layout_basic, serial_park_tiny_1,
          minivault_14
D:2:      layout_loops_ring, serial_glass, glass_columns_c, glass_columns_b,
          glass_columns_a, glass_columns_c, feat_on_display
D:3:      layout_loops_ring, nicolae_uskayaw_dance_hall,
          gammafunk_temple_overflow_arena, grunt_temple_overflow_open,
          serial_shops, shop, ebering_ecumenical_altar_hall, uniq_robin

Skill      XL: |  1  2  3 |
---------------+----------+-----
Fighting       | 1 |  1.7
Spellcasting   | 3 |  3.2
Stealth        | 2 |  2.1
Long Blades    | 1 |  1.0
Dodging        | |  2.1

Action                   |  1- 3 |  4- 6 || total
-------------------------+-------+-------++-------
 Cast: Shock             |    80 |    14 ||    94
       Static Discharge  |       |     2 ||     2
Armor: Robe              |     1 |       ||     1
Dodge: Dodged            |     9 |     3 ||    12

Table legend: (Time is in decaauts)
 A = Elapsed time spent in this place.
 B = Non-inter-level travel time spent in this place.
 C = Inter-level travel time spent in this place.
 D = Time resting spent in this place.
 E = Time spent auto-exploring this place.
 F = Levels seen in this place.
 G = Mean time per level.
                   A        B        C        D        E       F      G
               +--------+--------+--------+--------+--------+-----+--------+
         Total |   2811 |   2767 |     44 |    931 |   1681 |   3 |  937.0 |
       Dungeon |   2811 |   2767 |     44 |    931 |   1681 |   3 |  937.0 |
               +--------+--------+--------+--------+--------+-----+--------+

Top non-repeatable levels by time:
     D:2: 1453 daAuts
     D:1: 1304 daAuts
     D:3: 53 daAuts
